 Dungeon Crawl Stone Soup version 0.28-a0-536-g4f1c8046e5 (webtiles) character file.

Game seed: 8471946788133257465

15066 Riddle the Carver (level 12, -2/97 HPs)
             Began as a Gnoll Cinder Acolyte on Sept 27, 2021.
             Was a High Priest of Ignis.
             Slain by a minotaur (3 damage)
             ... in a Gauntlet.
             The game lasted 00:39:36 (12741 turns).

Riddle the Carver (Gnoll Cinder Acolyte)           Turns: 12741, Time: 00:39:36

Health: -2/97      AC: 11    Str: 16    XL:     12   Next: 23%
Magic:  14/14      EV: 14    Int: 13    God:    Ignis [*****.]
Gold:   473        SH:  0    Dex: 11    Spells: 26/26 levels left

rFire   + + +      SeeInvis .   a - +8 storm bow {elec, penet}
rCold   x . .      Faith    .   (shield currently unavailable)
rNeg    + + +      Spirit   .   B - +3 leather armour of Feasting {rElec rPois rN++}
rPois   +          Reflect  .   D - +2 helmet
rElec   +          Harm     .   x - scarf {+Inv}
rCorr   .          Rampage  .   (no gloves)
Will    .....      NoTele   +   H - +0 pair of boots
Stlth   +++.......              I - amulet of magic regeneration
HPRegen 0.26/turn               E - ring of protection from fire
MPRegen 0.39/turn               F - ring of Brilliance {Fire rPois rN+ MP-9}

@: no status effects
A: fangs 1, strong nose, distributed training
a: Renounce Religion, Evoke Invisibility, Sea of Fire, Foxfire Swarm, Rising
Flame


You were in a Gauntlet.
You worshipped Ignis.
Ignis was extremely pleased with you.
You visited 2 branches of the dungeon, and saw 14 of its levels.
You also visited: Gauntlet.

You collected 746 gold pieces.
You spent 273 gold pieces at shops.

Inventory:

Hand Weapons
 a - the +8 storm bow (weapon) {elec, penet}
   (You found it on level 4 of the Dungeon)

   Any ammunition fired from it occasionally discharges a powerful burst of
   electricity upon striking a foe.
   Any ammunition fired by it passes through the targets it hits, potentially
   hitting all targets in its path until it reaches maximum range.
 b - the +7 long sword "Xoenkeh" {freeze, Will- Dex+9}
   (You found it in a Gauntlet)

   It freezes those it strikes, dealing additional cold damage.
   It can also slow down cold-blooded creatures.
   Dex:       It affects your dexterity (+9).
   Will:      It decreases your willpower.
 i - a +4 short sword of flaming
 y - a +0 war axe of electrocution
Missiles
 n - 121 arrows (quivered ammo)
 z - a throwing net
 K - 6 boomerangs of dispersal
Armour
 x - a scarf of invisibility (worn)
 B - the +3 leather armour of Feasting (worn) {rElec rPois rN++}
   (You found it on level 9 of the Dungeon)

   rElec:     It insulates you from electricity.
   rPois:     It protects you from poison.
   rN:        It greatly protects you from negative energy.
 D - a +2 helmet (worn)
 H - a +0 pair of boots (worn)
Jewellery
 A - a ring of fire
 E - a ring of protection from fire (left hand)
 F - the ring of Brilliance (right hand) {Fire rPois rN+ MP-9}
   (You found it in a Gauntlet)

   [ring of fire]

   It enhances your fire magic.
   rF:        It protects you from fire.
   rC:        It makes you vulnerable to cold.
   rPois:     It protects you from poison.
   rN:        It protects you from negative energy.
   MP:        It affects your magic capacity (-9).
 I - an amulet of magic regeneration (around neck)
Wands
 d - a wand of charming (11)
 g - a wand of mindburst (12)
 p - a wand of paralysis (17)
 C - a wand of acid (14)
 L - a wand of iceblast (14)
 N - a wand of digging (5)
Scrolls
 c - 3 scrolls of enchant armour
 e - 2 scrolls of identify
 f - 2 scrolls of amnesia
 h - a scroll of immolation
 o - 5 scrolls of teleportation
 q - 2 scrolls of blinking
 s - a scroll of vulnerability
 v - 2 scrolls of noise
 w - 2 scrolls of fear
Potions
 j - 8 potions of curing
 k - 4 potions of heal wounds
 l - a potion of resistance {unknown}
 m - 2 potions of haste {unknown}
 r - a potion of mutation {unknown}
 t - 3 potions of ambrosia
 u - a potion of lignification {unknown}
 G - a potion of might {unknown}
 J - a potion of berserk rage {unknown}
 M - a potion of cancellation {unknown}


   Skills:
 + Level 9.7 Fighting
 + Level 7.1 Short Blades
 + Level 9.7 Long Blades
 + Level 7.1 Axes
 + Level 7.1 Maces & Flails
 + Level 7.1 Polearms
 + Level 7.1 Staves
 + Level 7.1 Slings
 + Level 7.1 Bows
 + Level 7.1 Crossbows
 + Level 7.1 Throwing
 + Level 7.1 Armour
 + Level 7.1 Dodging
 + Level 7.1 Stealth
 + Level 7.1 Shields
 + Level 7.1 Unarmed Combat
 + Level 7.7 Spellcasting
 + Level 5.9 Conjurations
 + Level 5.9 Hexes
 + Level 5.9 Summonings
 + Level 5.9 Necromancy
 + Level 5.9 Translocations
 + Level 5.9 Transmutations
 + Level 8.1 Fire Magic
 + Level 5.9 Ice Magic
 + Level 5.9 Air Magic
 + Level 5.9 Earth Magic
 + Level 5.9 Poison Magic
 + Level 7.7 Invocations
 + Level 7.1 Evocations


You had 26 spell levels left.
You didn't know any spells.
Your spell library contained the following spells:

 Spells                   Type           Power      Damage    Failure   Level
 Pain                     Necr           80%        1d8       1%          1
 Scorch                   Fire           78%        2d9       1%          2
 Passwall                 Tmut/Erth      16%        N/A       2%          2
 Slow                     Hex            20%        N/A       2%          2
 Static Discharge         Conj/Air       20%        N/A       2%          2
 Confusing Touch          Hex            20%        N/A       4%          3
 Gell's Gravitas          Tloc           10%        N/A       4%          3
 Swiftness                Air            20%        N/A       4%          3
 Teleport Other           Tloc           20%        N/A       4%          3
 Sticky Flame             Conj/Fire      34%        2d5       10%         4
 Animate Dead             Necr           10%        N/A       16%         4
 Dispel Undead            Necr           20%        3d11      16%         4
 Agony                    Necr           20%        N/A       38%         5
 Borgnjor's Vile Clutch   Necr/Erth      10%        N/A       38%         5
 Excruciating Wounds      Necr           10%        N/A       38%         5
 Yara's Violent Unravell  Hex/Tmut       10%        3d6       38%         5
 Death Channel            Necr           10%        N/A       93%         6
 Dispersal                Tloc           10%        N/A       93%         6
 Invisibility             Hex            10%        N/A       93%         6
 Summon Cactus Giant      Summ           10%        N/A       93%         6
 Dragon's Call            Summ           10%        N/A       100%        9


Dungeon Overview and Level Annotations

Branches:
Dungeon (13/15)            Temple (0/1) D:7            Lair (1/6) D:9
    Orc (0/2) D:11        Gauntlet (1/1)
 Vaults: D:13-14

Altars:
Ashenzari
Cheibriados
Elyvilon
Fedhas
Hepliaklqana
Kikubaaqudgha
Makhleb
Nemelex Xobeh
Trog
Uskayaw
Xom
The Shining One

Shops:
D:11 [**

Annotations:
Gauntlet 6 transporters, 3 runed translucent doors, exclusion: obsidian statue


Innate Abilities, Weirdness & Mutations

You have very sharp teeth.
Your uncanny sense of smell can sniff out nearby items.
Your experience applies equally to all skills.


Message History

You start putting on your amulet.
You continue putting on your amulet of magic regeneration. x5
You finish putting on your amulet of magic regeneration.
I - an amulet of magic regeneration (around neck)
You feel more attuned to fire.
F - the ring of Brilliance (right hand) {Fire rPois rN+ MP-9}
There is a transporter here.
You enter the transporter and appear at another place.
The +7 long sword "Xoenkeh" {freeze, Will- Dex+9} stops glowing.
You hear the crackle of electricity.
a - the +8 storm bow (weapon)
{elec, penet} A minotaur comes into view.
It is wielding a staff of poison, wearing the ring of Mire {Will+ rCorr MP+9} and quivering silver javelins.
The minotaur bellows!
The minotaur misses you. The minotaur gores you!
You shoot an arrow.
The arrow pierces through the minotaur but does no damage.
The minotaur hits you with a staff of poison!!
The minotaur envenoms you.
You are poisoned.
The minotaur misses you.
Unknown command.
You shoot an arrow. The arrow pierces through the minotaur.
The minotaur is lightly wounded.
You feel sick.
You are no longer poisoned.
The minotaur hits you with a staff of poison.
The minotaur gores you but does no damage.
Unknown command.
You shoot an arrow. The arrow pierces through the minotaur.
The minotaur is lightly wounded.
The minotaur hits you with a staff of poison!!
* * * LOW HITPOINT WARNING * * *
The minotaur envenoms you.
* * * LOW HITPOINT WARNING * * *
The minotaur gores you!
* * * LOW HITPOINT WARNING * * *
The minotaur hits you with a staff of poison!
* * * LOW HITPOINT WARNING * * *
The minotaur envenoms you.
You die...

#≈..... ##.#### ##≈.#8.8
#.8.#≈≈.#...
#...##≈.#".8
#############.8.###.#©8.
#..........##...##..#=.8
#.########.##.8.#...#?..
#.#....@H#.##...#.∩.#..8
#.#.####.#.##.©.#...####
#.# ∆#.#......#.8.....
#.######.####.©.#...####
#........# #...#.∩.#...
########## #.8.#...#.##
#...##..##..
#.8.###.#§##
#...##≈.##..


You could see a minotaur.

Vanquished Creatures
  A hydra (D:9)
  2 two-headed ogres
  A deep elf pyromancer (D:9)
  An ugly thing (D:11)
  The ghost of Heedrag the Conjurer, a novice DsCj of Vehumet (D:5)
  A cyclops (D:11)
  A komodo dragon (D:9)
  A gargoyle (D:10)
  Maggie (D:8)
  An unseen horror (D:9)
  A freezing wraith (D:9)
  A kobold demonologist (D:11)
  3 trolls
  A hornet (D:6)
  A spriggan (shapeshifter) (D:11)
  6 flying skulls (Gauntlet)
  7 shadows
  3 wraiths
  A vampire (D:11)
  13 yaks
  3 steam dragons
  3 water moccasins
  8 orc warriors
  2 black bears
  A necrophage (D:6)
  4 centaurs
  A phantom (D:4)
  A kobold brigand (D:9)
  A gnoll sergeant (D:8)
  3 bullfrogs
  2 scorpions
  A water moccasin zombie (D:5)
  A water moccasin skeleton (D:6)
  4 killer bees (D:5)
  4 electric eels (D:11)
  3 wights (D:6)
  3 howler monkeys (D:9)
  A bullfrog zombie (D:5)
  4 centaur zombies
  An iron imp (D:3)
  5 orc priests
  A gnoll shaman (D:9)
  4 hounds
  3 jellies
  A centaur skeleton (D:6)
  2 bullfrog skeletons
  10 iguanas
  7 orc wizards
  Natasha (thrice) (D:4)
  2 killer bee zombies (D:8)
  3 howler monkey zombies
  5 gnolls
  8 adders
  4 white imps
  An ufetubus (D:4)
  An adder skeleton (D:4)
  2 worms
  A dart slug (D:4)
  30 orcs
  6 bats
  4 endoplasms
  3 giant cockroaches
  5 goblins
  8 hobgoblins
  8 kobolds
  2 quokkas
  3 ball pythons (D:2)
  3 frilled lizards
  3 rats (D:1)
237 creatures vanquished.

Vanquished Creatures (others)
  12 foxfires (D:3)
  2 fungi (D:9)
  15 plants
29 creatures vanquished.

Grand Total: 266 creatures vanquished

Notes
Turn   | Place    | Note
-------+----------+-------------------------------------------
     0 | D:1      | Riddle the Gnoll Cinder Acolyte began the quest for the
                  | Orb.
     0 | D:1      | Reached XP level 1. HP: 23/23 MP: 4/4
    84 | D:1      | Reached XP level 2. HP: 12/29 MP: 5/5
   947 | D:2      | Reached XP level 3. HP: 33/35 MP: 7/7
  1036 | D:2      | Found a shimmering altar of Xom.
  1204 | D:2      | Reached skill level 1 in Invocations
  1608 | D:3      | Reached skill level 1 in Short Blades
  1608 | D:3      | Reached skill level 1 in Axes
  1608 | D:3      | Reached skill level 1 in Maces & Flails
  1608 | D:3      | Reached skill level 1 in Polearms
  1608 | D:3      | Reached skill level 1 in Staves
  1608 | D:3      | Reached skill level 1 in Slings
  1608 | D:3      | Reached skill level 1 in Bows
  1608 | D:3      | Reached skill level 1 in Crossbows
  1608 | D:3      | Reached skill level 1 in Throwing
  1608 | D:3      | Reached skill level 1 in Armour
  1608 | D:3      | Reached skill level 1 in Dodging
  1608 | D:3      | Reached skill level 1 in Stealth
  1608 | D:3      | Reached skill level 1 in Shields
  1608 | D:3      | Reached skill level 1 in Unarmed Combat
  1608 | D:3      | Reached skill level 1 in Evocations
  1626 | D:3      | Noticed a scorpion
  1644 | D:3      | Killed a scorpion
  1645 | D:3      | Reached skill level 1 in Conjurations
  1645 | D:3      | Reached skill level 1 in Hexes
  1645 | D:3      | Reached skill level 1 in Summonings
  1645 | D:3      | Reached skill level 1 in Necromancy
  1645 | D:3      | Reached skill level 1 in Translocations
  1645 | D:3      | Reached skill level 1 in Transmutations
  1645 | D:3      | Reached skill level 1 in Ice Magic
  1645 | D:3      | Reached skill level 1 in Air Magic
  1645 | D:3      | Reached skill level 1 in Earth Magic
  1645 | D:3      | Reached skill level 1 in Poison Magic
  1645 | D:3      | Reached XP level 4. HP: 41/41 MP: 8/8
  1675 | D:3      | Reached XP level 5. HP: 43/47 MP: 9/9
  1705 | D:3      | Found a blossoming altar of Fedhas.
  1808 | D:3      | Found a snail-covered altar of Cheibriados.
  2235 | D:4      | Noticed a black bear
  2289 | D:4      | Found the +8 storm bow {elec, penet}
  2477 | D:4      | Reached XP level 6. HP: 53/53 MP: 10/10
  2535 | D:4      | Killed a black bear
  2833 | D:4      | Reached XP level 7. HP: 59/59 MP: 12/12
  2971 | D:4      | Noticed Natasha
  2973 | D:4      | Killed Natasha
  2984 | D:4      | Found a burning altar of Makhleb.
  2984 | D:4      | Found a hide-covered altar of Uskayaw.
  2991 | D:4      | Found a faded altar of an unknown god.
  2993 | D:4      | Found a white marble altar of Elyvilon.
  3001 | D:4      | Found a glowing golden altar of the Shining One.
  3024 | D:4      | Noticed Natasha
  3026 | D:4      | Killed Natasha
  3077 | D:5      | Entered Level 5 of the Dungeon
  3110 | D:4      | Noticed Natasha
  3111 | D:4      | Killed Natasha
  3282 | D:5      | Reached XP level 8. HP: 60/67 MP: 14/14
  3359 | D:5      | Noticed Heedrag's ghost (novice DsCj)
  3373 | D:5      | Found a transporter.
  3377 | D:5      | Found a transporter.
  3744 | D:6      | Noticed a hornet
  3750 | D:6      | Killed a hornet
  3895 | D:5      | Reached XP level 9. HP: 17/72 MP: 16/16
  4318 | D:5      | Killed Heedrag's ghost
  4319 | D:5      | Reached skill level 5 in Spellcasting
  4405 | D:6      | Found an ancient bone altar of Kikubaaqudgha.
  4860 | D:6      | Found a hazy altar of Hepliaklqana.
  5245 | D:7      | Found a staircase to the Ecumenical Temple.
  5415 | D:7      | Reached skill level 5 in Invocations
  6368 | D:8      | Noticed Maggie
  6371 | D:8      | Killed Maggie
  6372 | D:8      | Reached XP level 10. HP: 71/80 MP: 18/18
  6609 | D:8      | Reached skill level 5 in Short Blades
  6609 | D:8      | Reached skill level 5 in Axes
  6609 | D:8      | Reached skill level 5 in Maces & Flails
  6609 | D:8      | Reached skill level 5 in Polearms
  6609 | D:8      | Reached skill level 5 in Staves
  6609 | D:8      | Reached skill level 5 in Slings
  6609 | D:8      | Reached skill level 5 in Bows
  6609 | D:8      | Reached skill level 5 in Crossbows
  6609 | D:8      | Reached skill level 5 in Throwing
  6609 | D:8      | Reached skill level 5 in Armour
  6609 | D:8      | Reached skill level 5 in Dodging
  6609 | D:8      | Reached skill level 5 in Stealth
  6609 | D:8      | Reached skill level 5 in Shields
  6609 | D:8      | Reached skill level 5 in Unarmed Combat
  6609 | D:8      | Reached skill level 5 in Evocations
  7141 | D:9      | Identified the +3 leather armour of Feasting {rElec rPois
                  | rN++}
  7215 | D:9      | Found a staircase to the Lair.
  7468 | D:9      | Got the Guide on Supportive Fire
  7514 | D:9      | Noticed a deep elf pyromancer
  7519 | D:9      | Killed a deep elf pyromancer
  7838 | D:9      | Noticed a two-headed ogre
  7845 | D:9      | Killed a two-headed ogre
  7846 | D:9      | Reached XP level 11. HP: 38/87 MP: 20/20
  8111 | D:9      | Noticed a six-headed hydra
  8118 | D:9      | Killed a six-headed hydra
  8119 | D:9      | Reached skill level 5 in Conjurations
  8119 | D:9      | Reached skill level 5 in Hexes
  8119 | D:9      | Reached skill level 5 in Summonings
  8119 | D:9      | Reached skill level 5 in Necromancy
  8119 | D:9      | Reached skill level 5 in Translocations
  8119 | D:9      | Reached skill level 5 in Transmutations
  8119 | D:9      | Reached skill level 5 in Ice Magic
  8119 | D:9      | Reached skill level 5 in Air Magic
  8119 | D:9      | Reached skill level 5 in Earth Magic
  8119 | D:9      | Reached skill level 5 in Poison Magic
  8413 | D:9      | Noticed a centaur warrior
  8413 | D:9      | Noticed a manticore
  8574 | D:9      | Found a bloodstained altar of Trog.
  8727 | Lair:1   | Entered Level 1 of the Lair of Beasts
  9223 | D:9      | Noticed a centaur warrior
  9248 | D:10     | Entered Level 10 of the Dungeon
 10054 | D:10     | Noticed a two-headed ogre
 10056 | D:10     | Killed a two-headed ogre
 10097 | D:10     | Found a sparkling altar of Nemelex Xobeh.
 10097 | D:10     | Found a broken altar of Ashenzari.
 10997 | D:11     | Found Waxiu's General Store.
 10999 | D:11     | Noticed a brown ugly thing
 11060 | D:11     | Found Iploul's Specific Store.
 11071 | D:11     | Noticed a cyclops
 11192 | D:11     | Found Qikaos's Armour Shoppe.
 11192 | D:11     | Found a staircase to the Orcish Mines.
 11610 | D:11     | Bought a wand of digging (5) for 234 gold pieces
 11610 | D:11     | Bought a scroll of teleportation for 39 gold pieces
 11631 | D:11     | Killed a brown ugly thing
 11655 | D:11     | Killed a cyclops
 11656 | D:11     | Reached XP level 12. HP: 63/96 MP: 23/23
 11906 | D:13     | Noticed a centaur warrior
 11942 | D:12     | Found a gate leading to a gauntlet.
 11952 | Gauntlet | Entered a Gauntlet
 11952 | Gauntlet | Found a transporter.
 11952 | Gauntlet | Found a transporter.
 11954 | Gauntlet | Noticed a death scarab
 11965 | Gauntlet | Found the +3 crown of Dyrovepreva {rElec Int+2 SInv}
 11976 | Gauntlet | Found a transporter.
 11977 | Gauntlet | Found a transporter.
 11983 | Gauntlet | Found a runed translucent gate.
 11985 | Gauntlet | Found a transporter.
 11986 | Gauntlet | Found a runed translucent gate.
 11987 | Gauntlet | Found a runed translucent gate.
 11989 | Gauntlet | Found a transporter.
 11997 | Gauntlet | Found a transporter.
 12014 | Gauntlet | Found a transporter.
 12028 | Gauntlet | Found a transporter.
 12032 | Gauntlet | Found a transporter.
 12041 | Gauntlet | Found a transporter.
 12044 | Gauntlet | Found a transporter.
 12091 | Gauntlet | Identified the +7 long sword "Xoenkeh" {freeze, Will-
                  | Dex+9}
 12688 | Gauntlet | Identified the ring of Brilliance {Fire rPois rN+ MP-9}
 12736 | Gauntlet | Identified the ring of Mire {Will+ rCorr MP+9}
 12736 | Gauntlet | Noticed a minotaur
 12741 | Gauntlet | HP: 1/97 [minotaur (7)]
 12741 | Gauntlet | Slain by a minotaur

Illustrated notes

Levels and vault maps discovered:
D:1:      scummos_arrival_forest, layout_rooms, minmay_cut_off
D:2:      layout_rooms, basic_altar
D:3:      layout_rooms, slow_altar_2, fedhas_altar_3,
          chequers_serial_rivers_marsh
D:4:      layout_rooms, chequers_temple_overflow_minitemple, uniq_natasha
D:5:      layout_rooms, gammafunk_ghost_hive, kennysheep_small_square
D:6:      layout_loops_ring, mainiacjoe_overflow_big_doors
D:7:      black_bear_nest_2, layout_basic, minmay_temple_entry_water_ring
D:8:      layout_rooms, uniq_maggie
D:9:      minmay_the_grid_triangle_9x9_rhombus_thin_mashed
          [minmay_the_grid_triangle_9x9_odd_lines,
          minmay_the_grid_triangle_9x9_prize_top_heavy,
          minmay_the_grid_triangle_9x9_longest,
          minmay_the_grid_triangle_9x9_checkered], layout_loops_ring,
          trog_butcher_becter, dpeg_oklobed_lair, minmay_circle_x
D:10:     layout_stronghold, gammafunk_temple_overflow_pools
D:11:     layout_loops_ring, orc_david_3, nicolae_specific_store,
          serial_bayou_lake_a
D:12:     layout_roguey [special_room_orc], gauntlet_entry_generic
D:13:     layout_irregular_city, uniq_frances
Lair:1:   layout_misc_corridors, grunt_megastairs_2, infiniplex_staircase_pool
Gauntlet: minmay_gauntlet_77_indecision [minmay_gauntlet_arena_77_box,
          minmay_gauntlet_arena_77_tiled_triplets,
          minmay_gauntlet_arena_77_run_for_it,
          minmay_gauntlet_arena_77_checkered,
          minmay_gauntlet_arena_77_terracotta_army,
          minmay_gauntlet_arena_77_braids, gauntlet_exit_spiral]

Skill      XL: |  1  2  3  4  5  6  7  8  9 10 11 12 |
---------------+-------------------------------------+-----
Invocations    | 1 2 3 4 5 6 7 |  7.7
Short Blades   | 1 2 3 4 5 6 7 |  7.1
Axes           | 1 2 3 4 5 6 7 |  7.1
Maces & Flails | 1 2 3 4 5 6 7 |  7.1
Polearms       | 1 2 3 4 5 6 7 |  7.1
Staves         | 1 2 3 4 5 6 7 |  7.1
Slings         | 1 2 3 4 5 6 7 |  7.1
Bows           | 1 2 3 4 5 6 7 |  7.1
Crossbows      | 1 2 3 4 5 6 7 |  7.1
Throwing       | 1 2 3 4 5 6 7 |  7.1
Armour         | 1 2 3 4 5 6 7 |  7.1
Dodging        | 1 2 3 4 5 6 7 |  7.1
Stealth        | 1 2 3 4 5 6 7 |  7.1
Shields        | 1 2 3 4 5 6 7 |  7.1
Unarmed Combat | 1 2 3 4 5 6 7 |  7.1
Evocations     | 1 2 3 4 5 6 7 |  7.1
Spellcasting   | 3 4 5 6 7 |  7.7
Conjurations   | 1 2 3 4 5 |  5.9
Hexes          | 1 2 3 4 5 |  5.9
Summonings     | 1 2 3 4 5 |  5.9
Necromancy     | 1 2 3 4 5 |  5.9
Translocations | 1 2 3 4 5 |  5.9
Transmutations | 1 2 3 4 5 |  5.9
Ice Magic      | 1 2 3 4 5 |  5.9
Air Magic      | 1 2 3 4 5 |  5.9
Earth Magic    | 1 2 3 4 5 |  5.9
Poison Magic   | 1 2 3 4 5 |  5.9
Fighting       | 7 8 9 |  9.7
Long Blades    | 7 8 9 |  9.7
Fire Magic     | 6 7 8 |  8.1

Action                   |  1- 3 |  4- 6 |  7- 9 | 10-12 || total
-------------------------+-------+-------+-------+-------++-------
Melee: Falchion          |    80 |       |       |       ||    80
       Bite              |     9 |     4 |       |     3 ||    16
       Short sword       |    22 |    67 |       |       ||    89
       War axe           |       |       |       |     4 ||     4
       Punch             |       |       |       |     1 ||     1
       Long sword        |       |       |       |    21 ||    21
 Fire: Longbow           |       |    28 |   159 |   275 ||   462
Invok: Foxfire Swarm     |     1 |       |       |       ||     1
  Use: Potion            |       |     3 |     1 |     1 ||     5
       Scroll            |       |       |       |    14 ||    14
Armor: Robe              |    16 |       |       |       ||    16
       Chain mail        |    12 |    40 |    52 |     8 ||   112
       Leather armour    |       |       |       |    44 ||    44
Dodge: Dodged            |    56 |    20 |    35 |    83 ||   194

Table legend: (Time is in decaauts)
 A = Elapsed time spent in this place.
 B = Non-inter-level travel time spent in this place.
 C = Inter-level travel time spent in this place.
 D = Time resting spent in this place.
 E = Time spent auto-exploring this place.
 F = Levels seen in this place.
 G = Mean time per level.
                   A        B        C        D        E       F      G
               +--------+--------+--------+--------+--------+-----+--------+
         Total |  13008 |  12506 |    502 |   2908 |   6657 |  15 |  867.2 |
       Dungeon |  12210 |  11708 |    502 |   2469 |   6552 |  13 |  939.2 |
          Lair |      8 |      8 |      0 |      0 |      0 |   1 |    8.0 |
      Gauntlet |    789 |    789 |      0 |    439 |    105 |   1 |  789.0 |
               +--------+--------+--------+--------+--------+-----+--------+

Top non-repeatable levels by time:
     D:9: 2170 daAuts
    D:11: 1538 daAuts
    D:10: 1195 daAuts
     D:5: 1191 daAuts
     D:7: 1101 daAuts
     D:8: 996 daAuts
     D:1: 953 daAuts
     D:3: 917 daAuts
     D:6: 824 daAuts
Gauntlet: 789 daAuts
     D:4: 763 daAuts
     D:2: 520 daAuts
    D:12: 34 daAuts
  Lair:1: 8 daAuts
    D:13: 1 daAuts
